 Dungeon Crawl Stone Soup version 0.25-a0-302-g9f758675c1 (webtiles) character file.

Game seed: 8548866670705525240, levelgen mode: deterministic

58427 vishdafish the Cleaver (level 15, 0/121 HPs)
             Began as a Formicid Fighter on Dec 20, 2019.
             Was the Champion of Cheibriados.
             Slain by a quicksilver dragon zombie (11 damage)
             ... on level 15 of the Dungeon.
             The game lasted 00:28:57 (16135 turns).

vishdafish the Cleaver (Formicid Fighter)          Turns: 16135, Time: 00:28:58

Health: 0/121      AC: 17    Str: 36    XL:     15   Next: 30%
Magic:  20/22      EV: 22    Int: 27    God:    Cheibriados [******]
Gold:   1926       SH: 11    Dex: 30    Spells: 14/14 levels left

rFire    . . .     SeeInvis +   L - +2 war axe (vamp)
rCold    . . .     Gourm    +   Q - +2 buckler {reflect}
rNeg     . . .     Faith    .   D - +3 scale mail
rPois    .         Spirit   .   (helmet unavailable)
rElec    .         Reflect  +   I - +0 cloak
rCorr    .         Harm     .   G - +2 pair of gloves {Dex+3}
MR       ++...                  x - +0 pair of boots
Stlth    +.........             A - amulet of the gourmand
HPRegen  0.30/turn              T - +3 ring of slaying
MPRegen  0.18/turn              C - +3 ring of evasion

@: very slow
A: permanent stasis, dig shafts and tunnels, four strong arms, antennae 3, magic
resistance 1, sense surroundings 1
a: Dig, Shaft Self, Bend Time, Temporal Distortion, Slouch, Step From Time,
Renounce Religion


You were on level 15 of the Dungeon.
You worshipped Cheibriados.
Cheibriados was exalted by your worship.
You were not hungry.

You visited 2 branches of the dungeon, and saw 17 of its levels.

You collected 1926 gold pieces.

Inventory:

Hand Weapons
 a - a +0 war axe
 L - a +2 vampiric war axe (weapon)
Missiles
 E - 73 bolts
 F - a throwing net (quivered)
Armour
 b - a +0 scale mail
 c - a +0 shield
 w - a +0 pair of gloves
 x - a +0 pair of boots (worn)
 D - a +3 scale mail (worn)
 G - a +2 pair of gloves of dexterity (worn)
 I - a +0 cloak (worn)
 Q - a +2 buckler of reflection (worn)
Jewellery
 l - an uncursed ring of protection from cold
 A - an amulet of the gourmand (around neck)
 C - a +3 ring of evasion (right hand)
 K - a +1 ring of protection
 N - an uncursed ring of positive energy
 R - an uncursed ring of magical power
 S - a +5 ring of dexterity
 T - a +3 ring of slaying (left hand)
Wands
 u - a wand of enslavement (1)
 O - a wand of clouds (2)
 V - a wand of iceblast (3)
Scrolls
 h - 6 scrolls of amnesia
 j - 2 scrolls of fear
 k - 3 scrolls of fog
 m - 5 scrolls of teleportation
 n - 4 scrolls of enchant armour
 t - a scroll of magic mapping
 v - 5 scrolls of remove curse
 y - 2 scrolls of holy word
 H - 2 scrolls of enchant weapon
 M - 2 scrolls of random uselessness
 P - a scroll of immolation
Potions
 d - a potion of curing
 e - a potion of might
 g - 2 potions of lignification
 i - 3 potions of mutation
 o - 4 potions of ambrosia
 p - 2 potions of degeneration
 q - 2 potions of berserk rage
 r - 4 potions of haste
 s - 2 potions of resistance
 z - a potion of brilliance
 B - 2 potions of flight
 J - a potion of agility
Comestibles
 f - 30 rations


   Skills:
 + Level 12.2 Fighting
 * Level 14.9 Axes
 - Level 8.2 Armour
 + Level 8.0 Dodging
 + Level 13.2 Shields
 - Level 10.5 Invocations


You had 14 spell levels left.
You didn't know any spells.
Your spell library contained the following spells:

 Spells                   Type           Power        Failure   Level  Hunger
 Animate Skeleton         Necr           N/A          21%         1    ##.....
 Apportation              Tloc           #.....       21%         1    ##.....
 Confusing Touch          Hex            #.....       21%         1    ##.....
 Pain                     Necr           #...         21%         1    ##.....
 Summon Small Mammal      Summ           #...         21%         1    ##.....
 Mephitic Cloud           Conj/Pois/Air  #.......     52%         3    ####...
 Recall                   Summ/Tloc      N/A          52%         3    ####...
 Regeneration             Chrm/Necr      #.........   52%         3    ####...
 Vampiric Draining        Necr           #.........   52%         3    ####...
 Animate Dead             Necr           N/A          89%         4    #####..
 Leda's Liquefaction      Hex/Erth       #.........   89%         4    #####..
 Borgnjor's Vile Clutch   Necr/Erth      #.........   99%         5    ######.
 Death Channel            Necr           #.........   100%        6    #######
 Iron Shot                Conj/Erth      #.........   100%        6    #######
 Simulacrum               Ice/Necr       #.........   100%        6    #######


Dungeon Overview and Level Annotations

Branches:
Dungeon (15/15)            Temple (0/1) D:5            Lair (0/6) D:10
    Orc (2/2) D:11            Elf (0/3) Orc:2        Vaults (0/5) D:14
 Depths (0/5) D:15

Altars:
Cheibriados
Dithmenos
Elyvilon
Fedhas
Hepliaklqana
Nemelex Xobeh
Okawaru
Qazlal
Ru
Sif Muna
Uskayaw
Yredelemnul
The Shining One
Beogh

Shops:
D:9 =   D:12 (   Orc:2 [=((

Annotations:
D:14 1 runed translucent door, krystol's ghost, journeyman TrFi


Innate Abilities, Weirdness & Mutations

You cannot be hasted, slowed, berserked, paralysed or teleported.
You can dig through walls and to a lower floor.
Your four strong arms can wield two-handed weapons with a shield.
You have a pair of large antennae on your head. (SInv)
You are resistant to hostile enchantments. (MR+)
You passively map a small area around you.


Message History

You block the quicksilver dragon zombie's attack. x2
The spark wasp zombie misses you.
The quicksilver dragon zombie completely misses you.
You block the quicksilver dragon zombie's attack.
Unknown command.
You hit the quicksilver dragon zombie.
The quicksilver dragon zombie is almost destroyed.
You hit the spark wasp zombie. The spark wasp zombie hits you.
* * * LOW HITPOINT WARNING * * *
Unknown command.
You barely miss the quicksilver dragon zombie.
The quicksilver dragon zombie is almost destroyed.
You slash the spark wasp zombie!
The quicksilver dragon zombie misses you.
You block the quicksilver dragon zombie's attack.
The spark wasp zombie hits you!
* * * LOW HITPOINT WARNING * * *
You feel better.
The quicksilver dragon zombie bites you!
You die...

, ,
......>.......
* ,
8......P..8.P#*
,
......8......#
........P....#
*
...........P.#
#.......8...# *
*#....ZZ..8# ,
* *#.@## * * ,
####...##
........<# ,
..##....##** *
#.....,,
#...### * *
.....# *
###.#.# , ,.!#.


You could see a quicksilver dragon zombie and a spark wasp zombie.

Vanquished Creatures
  A juggernaut zombie (D:15)
  An ettin (Orc:2)
  Fannar (D:10)
  Harold (D:7)
  4 vault guards (D:14)
  2 hydras
  2 centaur warriors (D:14)
  4 ogre magi (Orc:2)
  14 two-headed ogres
  A tengu warrior (D:14)
  Erica (D:8)
  A vampire mage (D:15)
  Urug (D:13)
  A skeletal warrior (D:15)
  2 unseen horrors
  5 deep elf magi
  A necromancer (D:15)
  2 orc knights (Orc:2)
  7 ugly things
  2 manticores (D:14)
  An orc sorcerer (Orc:2)
  3 cyclopes
  Maurice (D:8)
  Psyche (D:8)
  2 centaur zombies
  Joseph (D:8)
  3 gargoyles
  3 centaur skeletons (D:14)
  A guardian mummy (D:15)
  2 tengu conjurers
  4 trolls
  A hornet (D:7)
  A wolf spider simulacrum (D:7)
  Prince Ribbit (D:7)
  20 slime creatures
  A meliai zombie (D:14)
  An ettin zombie (D:15)
  A hippogriff (D:11)
  A centaur simulacrum (D:7)
  A spriggan (D:8)
  2 shadows
  A wraith (D:14)
  A vampire (D:14)
  2 wyverns
  4 yaks (D:14)
  5 vampire mosquitoes
  A hungry ghost (D:11)
  2 wargs (Orc:2)
  Edmund (D:4)
  Menkaure (D:7)
  2 acid dragons (D:13)
  A water moccasin (D:10)
  Duvessa (D:6)
  4 black bears
  6 ice beasts
  6 sky beasts
  20 orc warriors
  4 necrophages
  2 phantoms
  28 ogres
  10 centaurs
  3 crocodiles
  Blork the orc (D:4)
  2 big kobolds
  5 bullfrogs
  A wyvern zombie (D:11)
  A gnoll sergeant (D:5)
  Dowan (D:6)
  2 wyvern skeletons
  6 scorpions
  11 killer bees
  9 wights
  3 howler monkeys
  7 crimson imps
  2 quasits (D:14)
  6 jellies
  2 bullfrog zombies
  4 hounds
  16 orc priests
  2 bullfrog skeletons
  A gnoll shaman (D:5)
  32 orc wizards
  8 iguanas
  Ijyb (D:4)
  6 worker ants
  A hound skeleton (D:4)
  A howler monkey zombie (D:11)
  10 gnolls (D:5)
  15 adders
  4 shadow imps
  An adder zombie (D:8)
  An adder skeleton (D:6)
  A worm (D:4)
  2 dart slugs
  3 leopard geckos
  111 orcs
  7 bats
  5 giant cockroaches
  11 goblins
  8 hobgoblins
  4 jackals
  4 quokkas
  6 ball pythons
  7 frilled lizards
  21 kobolds
  A quokka skeleton (D:4)
  6 rats
570 creatures vanquished.

Vanquished Creatures (others)
  Nessos (D:12)
  2 centaur warriors (D:13)
  A cyclops (D:14)
  A shadow (D:12)
  A centaur (D:14)
  An orc wizard (Orc:1)
  An orc (Orc:2)
8 creatures vanquished.

Grand Total: 578 creatures vanquished

Notes
Turn   | Place    | Note
-------+----------+-------------------------------------------
     0 | D:1      | vishdafish the Formicid Fighter began the quest for the
                  | Orb.
     0 | D:1      | Reached XP level 1. HP: 18/18 MP: 1/1
   155 | D:1      | Reached XP level 2. HP: 21/24 MP: 2/2
   362 | D:1      | Reached XP level 3. HP: 29/29 MP: 3/3
   904 | D:2      | Reached skill level 3 in Axes
   904 | D:2      | Reached XP level 4. HP: 35/37 MP: 4/4
  1323 | D:2      | Reached XP level 5. HP: 30/42 MP: 5/5
  1683 | D:3      | Found a stormy altar of Qazlal.
  1683 | D:3      | Found an iron altar of Okawaru.
  1683 | D:3      | Found a snail-covered altar of Cheibriados.
  1697 | D:3      | Became a worshipper of Cheibriados the Contemplative
  1895 | D:3      | Reached * piety under Cheibriados
  1931 | D:3      | Noticed an orc warrior
  1941 | D:3      | You fall into a shaft and drop 1 floor!
  2310 | D:4      | Noticed an ogre
  2317 | D:4      | Noticed Edmund
  2319 | D:4      | Killed an ogre
  2319 | D:4      | Reached skill level 4 in Axes
  2319 | D:4      | Reached skill level 1 in Invocations
  2319 | D:4      | Reached XP level 6. HP: 28/48 MP: 2/7
  2332 | D:4      | Killed Edmund
  2561 | D:4      | Reached XP level 7. HP: 55/55 MP: 8/8
  2564 | D:4      | Reached skill level 5 in Shields
  2668 | D:4      | Noticed Ijyb
  2683 | D:4      | Killed Ijyb
  2798 | D:4      | Noticed Blork the orc
  2810 | D:4      | Killed Blork the orc
  2897 | D:4      | Found a shadowy altar of Dithmenos.
  2934 | D:4      | Found a glowing golden altar of the Shining One.
  2936 | D:4      | Reached ** piety under Cheibriados
  2940 | D:4      | Found a basalt altar of Yredelemnul.
  2942 | D:4      | Noticed a profane servitor
  3016 | D:4      | Found a hazy altar of Hepliaklqana.
  3081 | D:4      | Noticed an angel
  3242 | D:3      | Found a white marble altar of Elyvilon.
  3242 | D:3      | Found a blossoming altar of Fedhas.
  3379 | D:5      | Entered Level 5 of the Dungeon
  3389 | D:5      | Reached skill level 5 in Axes
  3389 | D:5      | Reached XP level 8. HP: 23/61 MP: 10/10
  3573 | D:5      | Reached skill level 5 in Fighting
  3573 | D:5      | Reached skill level 5 in Armour
  3789 | D:5      | Found a hide-covered altar of Uskayaw.
  3945 | D:5      | Reached skill level 5 in Invocations
  4241 | D:5      | Reached skill level 6 in Axes
  4388 | D:5      | Found a staircase to the Ecumenical Temple.
  4576 | D:6      | Reached XP level 9. HP: 64/68 MP: 13/13
  4644 | D:6      | Reached *** piety under Cheibriados
  4926 | D:6      | Found an iron altar of Okawaru.
  4949 | D:6      | Identified the Handbook of Clay and Lightness
  5001 | D:6      | Noticed Dowan
  5003 | D:6      | Noticed Duvessa
  5011 | D:6      | Killed Duvessa
  5028 | D:6      | Killed Dowan
  5285 | D:7      | Found a transporter.
  5399 | D:7      | Noticed Harold
  5419 | D:7      | Killed Harold
  5419 | D:7      | Reached skill level 7 in Axes
  5419 | D:7      | Reached XP level 10. HP: 7/77 MP: 13/15
  5963 | D:7      | Noticed Menkaure
  5969 | D:7      | Killed Menkaure
  6471 | D:7      | Reached skill level 8 in Axes
  6500 | D:7      | Found a transporter.
  6656 | D:7      | Found a shadowy altar of Dithmenos.
  6657 | D:7      | Noticed Prince Ribbit
  6661 | D:7      | Killed Prince Ribbit
  7249 | D:8      | Noticed Maurice
  7253 | D:8      | Noticed Erica
  7264 | D:8      | Killed Erica
  7284 | D:8      | Killed Maurice
  7284 | D:8      | Reached XP level 11. HP: 61/84 MP: 16/18
  7294 | D:8      | Reached **** piety under Cheibriados
  7800 | D:8      | Reached skill level 9 in Axes
  7841 | D:8      | Noticed Joseph
  7847 | D:8      | Killed Joseph
  8126 | D:8      | Found a roughly hewn altar of Beogh.
  8126 | D:8      | Found a transporter.
  8230 | D:8      | Reached skill level 10 in Invocations
  8267 | D:8      | Reached ***** piety under Cheibriados
  8496 | D:8      | Noticed Psyche
  8511 | D:8      | Killed Psyche
  8681 | D:8      | Found a transporter.
  8758 | D:9      | Found a shimmering blue altar of Sif Muna.
  9152 | D:9      | Found Tafuyd's Jewellery Shop.
  9566 | D:10     | Entered Level 10 of the Dungeon
  9658 | D:10     | Noticed Fannar
  9688 | D:10     | Killed Fannar
  9819 | D:10     | Gained mutation: You are resistant to hostile enchantments.
                  | (MR+) [potion of mutation]
  9819 | D:10     | Gained mutation: You passively map a small area around you.
                  | [potion of mutation]
  9857 | D:10     | You fall into a shaft and drop 2 floors!
  9857 | D:12     | Found Riastroc's Antique Weapon Shoppe.
  9879 | D:12     | Noticed an unseen horror
  9904 | D:12     | Killed an unseen horror
  9938 | D:12     | Noticed a deep elf mage
  9949 | D:12     | Killed a deep elf mage
  9949 | D:12     | Reached skill level 10 in Axes
  9949 | D:12     | Reached skill level 1 in Dodging
 10101 | D:11     | Noticed a two-headed ogre
 10107 | D:11     | Killed a two-headed ogre
 10107 | D:11     | Reached XP level 12. HP: 94/94 MP: 19/19
 10249 | D:11     | Reached ****** piety under Cheibriados
 10258 | D:11     | Found a staircase to the Orcish Mines.
 11041 | D:10     | Found a staircase to the Lair.
 11723 | Orc:1    | Entered Level 1 of the Orcish Mines
 11788 | Orc:2    | Entered Level 2 of the Orcish Mines
 11849 | Orc:2    | Reached skill level 11 in Axes
 11863 | Orc:2    | Reached skill level 10 in Shields
 11870 | Orc:2    | Noticed an ettin
 11881 | Orc:2    | Killed an ettin
 12076 | Orc:2    | Found a staircase to the Elven Halls.
 12169 | Orc:2    | Noticed a two-headed ogre
 12175 | Orc:2    | Killed a two-headed ogre
 12176 | Orc:2    | Noticed a two-headed ogre
 12180 | Orc:2    | Killed a two-headed ogre
 12185 | Orc:2    | Noticed a two-headed ogre
 12187 | Orc:2    | Noticed a two-headed ogre
 12198 | Orc:2    | Killed a two-headed ogre
 12206 | Orc:2    | Killed a two-headed ogre
 12211 | Orc:2    | Noticed an ogre mage
 12218 | Orc:2    | Noticed a two-headed ogre
 12219 | Orc:2    | Noticed a two-headed ogre
 12219 | Orc:2    | Noticed a two-headed ogre
 12219 | Orc:2    | Noticed a two-headed ogre
 12224 | Orc:2    | Reached XP level 13. HP: 102/102 MP: 20/20
 12228 | Orc:2    | Found Kiug's Weapon Emporium.
 12232 | Orc:2    | Reached skill level 12 in Axes
 12238 | Orc:2    | Reached skill level 10 in Fighting
 12240 | Orc:2    | Reached skill level 5 in Dodging
 12475 | Orc:2    | Found Ikkahoq's Jewellery Boutique.
 12475 | Orc:2    | Found Utzixoyf's Armour Shoppe.
 12475 | Orc:2    | Found Ampile's Antique Weapon Boutique.
 13506 | D:12     | Reached skill level 13 in Axes
 13564 | D:12     | Noticed Nessos
 13571 | D:12     | Killed Nessos
 14357 | D:13     | Reached XP level 14. HP: 111/111 MP: 21/21
 14441 | D:13     | Found a sparkling altar of Nemelex Xobeh.
 14726 | D:13     | Noticed Urug
 14744 | D:13     | Killed Urug
 15087 | D:13     | Found a sacrificial altar of Ru.
 15140 | D:14     | Found a runed translucent door.
 15140 | D:14     | Found the +8 autumn katana {slice, Clar}
 15140 | D:14     | Noticed krystol's ghost (journeyman TrFi)
 15217 | D:14     | Reached skill level 14 in Axes
 15221 | D:14     | Found a gate to the Vaults.
 15687 | D:14     | Reached XP level 15. HP: 91/120 MP: 22/22
 16081 | D:15     | Entered Level 15 of the Dungeon
 16083 | D:15     | Found a staircase to the Depths.
 16131 | D:15     | HP: 6/121 [quicksilver dragon zombie (10)]
 16134 | D:15     | HP: 2/121 [spark wasp zombie (10)]
 16135 | D:15     | Slain by a quicksilver dragon zombie

Levels and vault maps discovered:
D:1:      dpeg_arrival_castle, layout_basic
D:2:      layout_rooms
D:3:      kennysheep_the_goblin_king, layout_rooms,
          gammafunk_temple_overflow_elements,
          chequers_temple_overflow_statue_of_worship
D:4:      layout_rooms, grunt_temple_overflow_holy_war,
          lemuel_coloured_pillars_altar, grunt_dithmenos_smoke, uniq_edmund,
          uniq_ijyb, uniq_blork_the_orc
D:5:      layout_cave_pools, kennysheep_mini, minmay_temple_entry_ruins,
          first_ration, saegor_snake_ambush
D:6:      layout_basic, basic_altar, uniq_duvessa
D:7:      gammafunk_cloud_chamber, layout_cave_pools, lemuel_crystal_altar,
          wad_floor_pattern_untrapped, uniq_prince_ribbit1, uniq_menkaure,
          uniq_harold
D:8:      gammafunk_beogh_shrine, layout_gridville, special_room
          [special_room_orc], the_bakery, nrook_campfire,
          minmay_misc_feat_secret_circle, nrook_loot_triangle, uniq_joseph,
          uniq_erica, uniq_psyche, uniq_grum, uniq_maurice
D:9:      layout_roguey, serial_shops, nicolae_shop_behind_doors, basic_altar
D:10:     layout_grid_maze, lair_entry_dummy, uniq_fannar
D:11:     layout_long_grid, hiddenorc2_lemuel, grunt_ministairs_2
D:12:     layout_loops_corners, serial_shops, nicolae_shop_trees, uniq_nessos
D:13:     layout_grid_maze, basic_altar, nicolae_ru_the_path_less_chosen,
          uniq_urug
D:14:     layout_grid_maze, lightli_vaults_fourway_checkpoint,
          ebering_ghost_inner_flame, minmay_misc_feat_five,
          kennysheep_generic_room_7
D:15:     gammafunk_depths_entry_grave, layout_loops_corners,
          portal_ice_cave_rime, minmay_misc_feat_nine_boxes
Orc:1:    layout_diamond_mine
Orc:2:    st_orc_ogre_mass, layout_diamond_mine, minmay_orc_keep

Skill      XL: |  1  2  3  4  5  6  7  8  9 10 11 12 13 14 15 |
---------------+----------------------------------------------+-----
Shields        | 4 5 6 7 8 9 10 11 12 13 | 13.2
Axes           | 3 4 5 6 7 8 10 11 13 14 | 14.9
Fighting       | 4 5 6 7 8 9 10 11 12 | 12.2
Armour         | 4 5 6 7 8 |  8.2
Invocations    | 1 2 3 5 7 9 10 | 10.5
Dodging        | 2 4 6 7 8 |  8.0

Action                   |  1- 3 |  4- 6 |  7- 9 | 10-12 | 13-15 || total
-------------------------+-------+-------+-------+-------+-------++-------
Melee: War axe           |    88 |   108 |   286 |   680 |   560 ||  1722
Throw: Throwing net      |       |       |       |     1 |     2 ||     3
Invok: Bend Time         |       |     1 |     3 |     7 |     6 ||    17
       Slouch            |       |       |       |       |     3 ||     3
 Abil: Shaft Self        |       |     1 |       |       |       ||     1
Evoke: Wand              |       |       |     3 |     7 |    10 ||    20
  Use: Potion            |       |     2 |     2 |     2 |     2 ||     8
       Scroll            |       |       |       |    13 |     7 ||    20
 Stab: Held in net/web   |       |       |       |     1 |       ||     1
       Confused          |       |       |       |     1 |     4 ||     5
       Sleeping          |       |       |       |     1 |       ||     1
  Eat: Chunk             |       |     1 |     5 |     6 |    10 ||    22
       Ration            |       |     1 |       |     2 |       ||     3
Armor: Scale mail        |    72 |    44 |   113 |   221 |    95 ||   545
Dodge: Dodged            |    44 |    47 |   102 |   351 |   367 ||   911
Block: Shield            |    61 |    70 |   229 |   430 |       ||   790
       Buckler           |       |       |       |    70 |   324 ||   394
       Reflection        |       |       |       |     7 |    49 ||    56

Table legend:
 A = Non-vault XP
 B = Vault XP
 C = Vault XP percentage of total XP
 D = Non-vault monster count
 E = Vault monster count
 F = Vault count percentage of total count
                 A         B        C        D         E       F
            +---------+---------+-------+---------+---------+-------
      Total |   47745 |   35723 |  42.8 |     412 |     165 |  28.6
            +---------+---------+-------+---------+---------+-------
        D:1 |      43 |       0 |   0.0 |      25 |       0 |   0.0
        D:2 |     103 |       0 |   0.0 |      22 |       0 |   0.0
        D:3 |      30 |      12 |  28.6 |      10 |       7 |  41.2
        D:4 |     411 |     305 |  42.6 |      21 |       3 |  12.5
        D:5 |    1064 |       4 |   0.4 |      28 |       2 |   6.7
        D:6 |     449 |     216 |  32.5 |       9 |       2 |  18.2
        D:7 |    1267 |    2475 |  66.1 |      26 |       9 |  25.7
        D:8 |    1047 |    3683 |  77.9 |      24 |      42 |  63.6
        D:9 |     669 |       0 |   0.0 |      11 |       0 |   0.0
       D:10 |     696 |    1017 |  59.4 |       9 |       1 |  10.0
       D:11 |    3386 |     760 |  18.3 |      35 |      34 |  49.3
       D:12 |    4272 |     810 |  15.9 |      24 |       1 |   4.0
       D:13 |    9035 |     835 |   8.5 |      44 |       1 |   2.2
       D:14 |   17171 |    7122 |  29.3 |      56 |      13 |  18.8
       D:15 |       0 |    4375 | 100.0 |       0 |       6 | 100.0
      Orc:1 |    3273 |       0 |   0.0 |      35 |       0 |   0.0
      Orc:2 |    4829 |   14109 |  74.5 |      33 |      44 |  57.1
            +---------+---------+-------+---------+---------+-------
